← All builds
Geo sea / Cortex / Economy first / OBSERVED BUILD

Standard geo sea

The role's default economy-first play: bot lab then shipyard in the cove, quick frigate/submarine/destroyer navy to contest sea and hold the coast, transitioning into whatever the sea fight needs.

Usually shipyard in the cove (98%)

#naval #eco · 963 distinct matches · 100 players · 83% of Cortex Geo sea games · team won 52% of 1080 · Recently observed

HOW TO PLAY IT

Key timing: Shipyard by 3:18

  1. Open 3 mex, wind and solar, then Bot Lab.
  2. Get a BP and costal torpedo launcher up before the Shipyard.
  3. Put up Shipyard once you can defend it.
  4. Push out "submarine" and "frigate" to contest the sea.
  5. Add geothermal to fund the fleet transition into "destroyer", "missile corvette".

Phase by phase

TYPICAL OF ITS 963 GAMES
  1. 1
  2. 2
  3. 3
  4. 4
PLAY THE OPENING

Follow the example game's first 6:00 step by step: what to build now, what comes next, and where it goes. At 1× it keeps pace with your own game.

  1. 1

    Up to the Bot Lab

    Economy
    • Metal Extractor3Mex
    • Wind Turbine3Wind
    Order
    1. Bot LabBot Lab after 3 mex, 3 winddone ~1:12, middle half 1:06–1:25

    Some games also: wind for allies (49%)

    By 0:55 in all: 3 mex · 3 wind

    The example game in this phase · 5 steps
    1. Mex ×3
    2. Wind
    3. Wind ×2for Air
    4. Wind
    5. Bot LabBot Labdone 1:12 · typical 1:12
  2. 2

    Bot Lab to Shipyard

    Economy
    • Metal Extractor1Mex
    • Wind Turbine2Wind
    Order
    1. ShipyardShipyard after 4 mex, 5 wind, 1 energy storagedone ~3:17, middle half 3:02–3:33
    Builders
    • Construction Bot3 Con bot
    • Graverobber2 Graverobber
    Army
    • Grunt1 Grunt

    Some games also: con turret (46%) · trasher (39%) · energy storage (34%) · wind for allies (32%)

    By 2:51 in all: 4 mex · 5 wind · 1 energy storage

    The example game in this phase · 11 steps
    1. Wind
    2. Construction BotCon bot
    3. Construction BotCon botfor Beach sea
    4. GraverobberGraverobber
    5. Mex
    6. Energy storage
    7. GraverobberGraverobber ×2
    8. Construction BotCon bot
    9. Mex
    10. Con turret
    11. ShipyardShipyarddone 3:06 · typical 3:17
  3. 3

    Shipyard to 5:00

    Economy
    • Metal Extractor4Mex
    Builders
    • Construction Ship1 Con ship
    Army
    • Riptide2 Frigate
    • Orca1 Submarine
    Other
    • Radar Tower1 Radar Tower

    Some games also: Guard (49%) · wind (49%) · missile corvette (48%) · destroyer (46%) · gunboat (41%)

    By 5:00 in all: 8 mex · 6 wind · 1 energy storage · 1 con turret

    The example game in this phase · 15 steps
    1. SupporterGunboat
    2. Construction ShipCon ship
    3. Mex
    4. HerringMissile corvette
    5. RiptideFrigatedone 3:51 · typical 4:36
    6. Mex
    7. RiptideFrigate
    8. Mex
    9. RiptideFrigate
    10. Death CavalryDeath Cavalry
    11. BeholderBeholder
    12. Mex
    13. Geothermal PowerplantGeodone 7:19 · typical 7:59
    14. OppressorDestroyerdone 5:22 · typical 5:52
    15. Mex
  4. 4

    5:00 to 10:00

    Economy
    • Metal Extractor2Mex
    • Wind Turbine8Wind
    • Energy Converter1Converter
    Builders
    • Construction Turret1 Con turret
    • Death Cavalry2 Death Cavalry
    • Construction Ship1 Con ship
    Army
    • Guard2 Guard
    • Riptide5 Frigate
    • Oppressor2 Destroyer
    Other
    • Naval Radar / Sonar Tower2 Naval Radar / Sonar Tower

    Some games also: geo (48%) · Thistle (41%) · submarine (34%)

    By 10:00 in all: 10 mex · 15 wind · 1 geo · 4 converter · 1 energy storage · 2 con turret

    The example game in this phase · 91 steps
    1. Mex
    2. HerringMissile corvette
    3. RiptideFrigate
    4. Radar TowerRadar Tower
    5. RiptideFrigate
    6. GuardGuard
    7. Naval Radar / Sonar TowerNaval Radar / Sonar Tower
    8. RiptideFrigate
    9. Death CavalryDeath Cavalry
    10. GuardGuard ×2
    11. Naval Radar / Sonar TowerNaval Radar / Sonar Tower
    12. Naval Metal Storage
    13. OppressorDestroyer
    14. UrchinUrchin
    15. GuardGuard
    16. HerringMissile corvette
    17. RiptideFrigate
    18. Con turret
    19. Advanced Metal ExtractorT2 mexdone 9:28 · typical 9:22
    20. HerringMissile corvette
    21. Death CavalryDeath Cavalry
    22. Con turret
    23. Bot LabBot Labdone 9:04
    24. Construction ShipCon ship
    25. Construction BotCon bot
    26. Wind
    27. Construction BotCon bot
    28. Wind
    29. Naval Radar / Sonar TowerNaval Radar / Sonar Tower
    30. Construction BotCon bot ×2
    31. Wind
    32. OppressorDestroyer
    33. Construction BotCon bot
    34. Advanced Metal ExtractorT2 mex
    35. Wind
    36. Construction BotCon bot
    37. Wind
    38. Construction BotCon bot
    39. OppressorDestroyer
    40. Construction BotCon bot
    41. Wind
    42. Construction BotCon bot ×2
    43. Naval Radar / Sonar TowerNaval Radar / Sonar Tower
    44. Construction BotCon bot
    45. Wind
    46. OppressorDestroyer
    47. Construction BotCon bot
    48. Wind
    49. Advanced Metal ExtractorT2 mex
    50. Mex
    51. Wind
    52. OppressorDestroyer
    53. Wind ×3
    54. Death CavalryDeath Cavalry
    55. Mex
    56. Wind
    57. OppressorDestroyer
    58. Wind ×2
    59. Seaplane PlatformSeaplane Platformdone 12:17
    60. Wind ×2
    61. Advanced Metal ExtractorT2 mex
    62. Wind
    63. Con turret
    64. UrchinUrchin
    65. CutlassSeaplane gunship
    66. Advanced ShipyardAdvanced Shipyarddone 13:25
    67. Con turret
    68. UrchinUrchin
    69. Converter ×2
    70. Advanced Geothermal PowerplantAdvanced Geothermal Powerplantdone 14:07
    71. Converter ×2
    72. Advanced Construction SubAdvanced Construction Sub
    73. Converter ×3
    74. PathfinderPathfinder
    75. Converter
    76. Naval Advanced Metal ExtractorNaval Advanced Metal Extractordone 14:46
    77. Converter
    78. PathfinderPathfinder
    79. Converter
    80. PathfinderPathfinder
    81. Converter
    82. PathfinderPathfinder
    83. Converter
    84. PathfinderPathfinder
    85. Converter
    86. Black HydraBlack Hydranot finished by 15:00
    87. Converter ×3
    88. Advanced Metal ExtractorT2 mex
    89. Converter
    90. Naval Advanced Metal ExtractorNaval Advanced Metal Extractor
    91. UrchinUrchin

Counts are medians over the build's games: half of them build more, half fewer. The example game is DRM's (44 OS, 28/09/2026); pick another.

Team trades

IN AT LEAST 30% OF ITS GAMES

You hand over

  • Wind Turbine2 Wind to Airfirst at 1:48 · in 72% of games

You get

  • Finch1 Finch from Airfirst at 1:51 · in 83% of games
  • Hercules1 Light transport from Airfirst at 2:00 · in 75% of games
  • Advanced Construction Bot1 T2 con bot from Techfirst at 7:44 · in 89% of games

How it plays out

Typical game of this build, running totals by minute

Metal produced

010k20k30k
0:005:0010:0015:00

metal

Enemy metal destroyed

05k10k
0:005:0010:0015:00

metal

Own metal lost

02.5k5k7.5k
0:005:0010:0015:00

metal

1080 games.

Show as table
ByMetal produced: This buildEnemy metal destroyed: This buildOwn metal lost: This build
1:0039700
2:0092800
3:00156700
4:002903051
5:00410813152
6:005464441242
7:006946931551
8:0086181570905
9:001049724631363
10:001261536342072
11:001522148872938
12:001812964053801
13:002147974014458
14:002507986465388
15:002882297766321
WHAT THE NUMBERS SAY

Standard Cortex geo sea sits at an even 50% win rate, trading a slower start for a big resource lead by 15:00.

  • + Metal produced hits 28451 by 15:00, well above both front roles
  • + Own metal lost stays far below enemy metal destroyed at every checkpoint
  • − Only 50% team win rate, the lowest of these six builds
  • − T2 factory only completes in 40% of games by 12:53
THE EXAMPLE YOU ARE READING

DRM

43.8 OS · 28/09/2026

Open source match ↗

5 received units · includes a constructor
170 metal received · 42620 energy received

Allied construction assistance is unknown. Timings are observations, not a promise of solo reproducibility.

Typical milestones

Bot Lab1:12Middle 50%: 1:06–1:25 · n=1069
Shipyard3:17Middle 50%: 3:02–3:33 · n=1074
Orca4:19Middle 50%: 3:54–5:00 · n=747
Riptide4:36Middle 50%: 4:08–5:21 · n=1048
Oppressor5:52Middle 50%: 5:09–6:34 · n=977
Geothermal Powerplant7:59Middle 50%: 7:01–8:59 · n=648
Advanced Metal Extractor9:22Middle 50%: 8:46–10:10 · n=926

Played most by

sirniho121games of this buildSHOGVN86games of this buildOptimusprimenutt84games of this buildPRO_Rerory47games of this buildhihimik41games of this build